 Dungeon Crawl Stone Soup version 0.30-a0-304-gdc4b735fe1 (webtiles) character file.

Game seed: 8698012509960433184

4834 MrRokkomies the Covert (level 10, -7/138 HPs)
             Began as an Armataur Brigand on Oct 20, 2022.
             Was a Priest of Dithmenos.
             Mangled by an orange demon (8 damage)
             ... led by Amaemon
             ... on level 8 of the Dungeon.
             The game lasted 00:18:44 (7273 turns).

MrRokkomies the Covert (Armataur Brigand)           Turns: 7273, Time: 00:18:47

Health: -7/138     AC:  8    Str: 16    XL:     10   Next: 25%
Magic:  1/1        EV: 11    Int: 13    God:    Dithmenos [***...]
Gold:   525        SH:  0    Dex: 15    Spells: 9/9 levels left

rFire   + . .      SeeInvis +    a - +2 dagger (chaos)
rCold   . . .      Faith    .    (no shield)
rNeg    + + +      Spirit   .    n - +0 acid dragon scales
rPois   +          Reflect  .    (no helmet)
rElec   .          Harm     .    c - +1 cloak
rCorr   +          Roll     +    (no gloves)
Will    .....                    (no barding)
Stlth   ..........               (no amulet)
HPRegen 0.43/turn                b - ring of poison resistance
MPRegen 0.07/turn                x - ring of Fallacy {rF+ rN+++ MP-9 Slay+5 SInv}

@: berserking, lethally poisoned (-7 -> -11), wreathed by umbra, very quick
A: large, rugged brown scales 3, deformed body, armoured tail, roll, long
tongue, awkward tongue
a: Renounce Religion, Shadow Step


You were on level 8 of the Dungeon.
You worshipped Dithmenos.
Dithmenos was most pleased with you.
You visited 1 branch of the dungeon, and saw 8 of its levels.

You collected 525 gold pieces.

Inventory:

Hand Weapons
 a - a +2 dagger of chaos (weapon)
 o - a +0 rapier
 z - a +2 dagger of freezing
Missiles
 d - 14 poisoned darts (quivered)
 e - a curare-tipped dart
 p - 3 javelins
Armour
 c - a +1 cloak (worn)
 n - +0 acid dragon scales (worn)
Jewellery
 b - a ring of poison resistance (left hand)
 j - a +4 ring of protection
 k - a +4 ring of protection
 x - the ring of Fallacy (right hand) {rF+ rN+++ MP-9 Slay+5 SInv}
   (You found it on level 5 of the Dungeon)

   [ring of protection from fire]

   Slay:      It affects your accuracy & damage with ranged weapons and melee
   (+5).
   rF:        It protects you from fire.
   rN:        It renders you almost immune to negative energy.
   MP:        It affects your magic capacity (-9).
   SInv:      It lets you see invisible.
Wands
 h - a wand of flame (18)
Scrolls
 q - a scroll of magic mapping
 s - a scroll of enchant armour
 v - 2 scrolls of teleportation
 y - 2 scrolls of blinking
 B - a scroll of silence
Potions
 g - 3 potions of flight
 i - 2 potions of attraction
 l - 4 potions of brilliance
 m - a potion of haste {unknown}
 r - a potion of resistance {unknown}
 t - a potion of lignification {unknown}
 u - a potion of cancellation
 w - a potion of berserk rage
 A - 2 potions of heal wounds {unknown}
 C - a potion of degeneration {unknown}


   Skills:
 * Level 7.6 Fighting
 * Level 7.6 Short Blades
 - Level 4.0 Throwing
 + Level 4.8 Dodging
 + Level 8.9 Stealth


You had 9 spell levels left.
You didn't know any spells.
Your spell library contained the following spells:

 Spells                   Type           Power      Damage    Failure   Level
 Magic Dart               Conj           0%         1d3       38%         1
 Call Imp                 Summ           0%         N/A       54%         2
 Cigotuvi's Dreadful Rot  Necr/Pois/Air  0%         N/A       54%         2
 Poisonous Vapours        Pois/Air       0%         N/A       54%         2
 Hailstorm                Conj/Ice       0%         3d3       77%         3
 Mephitic Cloud           Conj/Pois/Air  0%         N/A       77%         3
 Ice Form                 Ice/Tmut       0%         N/A       99%         4
 Simulacrum               Ice/Necr       0%         N/A       100%        6


Dungeon Overview and Level Annotations

Branches:
Dungeon (8/15)             Temple (0/1) D:5            Lair (0/5) D:8

Altars:
Cheibriados
Dithmenos
Okawaru
Uskayaw
Vehumet
Wu Jian
Xom
The Shining One

Shops:
D:4 *


Innate Abilities, Weirdness & Mutations

You are completely covered in rugged brown scales. (AC +3, +7% HP)
Armour fits poorly on your strangely shaped body.
You have a long armoured tail.
You roll when moving toward enemies. (Rampage)
Your long tongue fully drains potion bottles. (2x potion effects)
Your tongue gives you trouble enunciating. (1.5x scroll delay)


Message History

You are poisoned.
The orange demon poisons you!
As you slowly read the scroll of teleportation, it crumbles to dust.
You feel strangely unstable.
You feel very sick.
The orc warrior hits you with a +0 flail!
* * * LOW HITPOINT WARNING * * *
The orc barely misses you. The orange demon closely misses you.
The orc warrior barely misses you.
You completely miss the orc warrior.
Your tail-slap misses the orc warrior.
The orc warrior is moderately wounded.
You feel sick. The orc completely misses you.
The orange demon stings you from afar!
* * * LOW HITPOINT WARNING * * *
You slurp down every last drop of the 4 purple potions!
It was a potion of flight.
You feel very buoyant.
You fly up into the air.
You feel very sick.
The orc warrior hits you with a +0 flail.
* * * LOW HITPOINT WARNING * * *
The orc barely misses you.
The orange demon stings you but does no damage.
You slurp down every last drop of the 2 lumpy clear potions!
It was a potion of cancellation.
You feel strangely stable.
Your magical effects are unravelling.
You feel magically purged.
You float gracefully downwards.
You feel sick.
The orc warrior zaps a wand.
The puff of flame misses you.
The puff of flame hits the orange demon.
The orc misses you. The orange demon stings you from afar.
* * * LOW HITPOINT WARNING * * *
You slurp down every last drop of the 2 white potions!
It was a potion of berserk rage.
A red film seems to cover your vision as you go berserk!
You feel yourself moving faster!
You feel mighty!
You feel sick.
The orc warrior hits you with a +0 flail!
* * * LOW HITPOINT WARNING * * *
The orc closely misses you. The orange demon stings you from afar!
You die...

##.##
#......4............
#..##
#...K.6..>..........
##..##
#........$....#.....
##..###..K#...........
##)##....##..4.P..#.#
#..#.#### ##...# .
##).#######...#
#.)4)@oo..#
#..)####.## #.#..# #
#..##... #..# ##.#
..## .# ##. # ..


You could see an orange demon, an orc warrior and an orc.

Vanquished Creatures
  Amaemon (D:8)
  An elephant (D:7)
  A gargoyle (D:7)
  Psyche (D:8)
  Maggie (D:6)
  A yak (D:7)
  2 basilisks
  Duvessa (D:4)
  A black bear (D:4)
  2 ice beasts
  A centaur (D:5)
  3 ogres
  2 kobold brigands (D:8)
  4 bullfrogs
  A necrophage (D:5)
  2 scorpions
  3 wights (D:8)
  Dowan (D:4)
  11 killer bees
  5 hounds
  3 orc priests
  A gnoll bouda (D:7)
  6 iguanas
  A jelly (D:6)
  An orc wizard (D:6)
  9 gnolls (D:7)
  5 adders
  A river rat (D:3)
  2 white imps
  3 worms
  A dart slug (D:5)
  12 orcs
  4 endoplasms
  3 giant cockroaches (D:3)
  6 goblins
  9 hobgoblins
  3 jackals (D:1)
  13 kobolds
  2 quokkas
  9 ball pythons
  5 bats
  A frilled lizard (D:2)
  16 rats
161 creatures vanquished.

Vanquished Creatures (others)
  A plant (D:8)
1 creature vanquished.

Grand Total: 162 creatures vanquished

Notes
Turn   | Place    | Note
-------+----------+-------------------------------------------
     0 | D:1      | MrRokkomies the Armataur Brigand began the quest for the
                  | Orb.
     0 | D:1      | Reached XP level 1. HP: 18/18 MP: 1/1
   375 | D:1      | Reached XP level 2. HP: 25/25 MP: 2/2
   513 | D:1      | Reached skill level 1 in Dodging
   910 | D:2      | Reached XP level 3. HP: 31/31 MP: 3/3
  1174 | D:2      | Found a shadowy altar of Dithmenos.
  1182 | D:2      | Became a worshipper of Dithmenos the Shadowed
  2016 | D:3      | Reached XP level 4. HP: 39/39 MP: 4/4
  2171 | D:3      | Found a shadowy altar of Dithmenos.
  2419 | D:3      | Reached skill level 5 in Stealth
  2523 | D:4      | Noticed a black bear
  2533 | D:4      | Killed a black bear
  2534 | D:4      | Reached XP level 5. HP: 42/47 MP: 5/5
  2534 | D:4      | Found a radiant altar of Vehumet.
  2565 | D:4      | Found Ynicoffu's Elemental Accessories.
  2780 | D:4      | Noticed an ogre
  2787 | D:4      | Killed an ogre
  2788 | D:4      | Reached XP level 6. HP: 25/54 MP: 6/6
  3096 | D:4      | Reached * piety under Dithmenos
  3218 | D:4      | Found an iron altar of Okawaru.
  3314 | D:4      | Noticed Duvessa
  3315 | D:4      | Noticed Dowan
  3345 | D:4      | Killed Duvessa
  3363 | D:4      | Killed Dowan
  3478 | D:4      | Found a hide-covered altar of Uskayaw.
  3480 | D:4      | Found a shimmering altar of Xom.
  3595 | D:4      | Reached skill level 6 in Stealth
  3595 | D:4      | Reached XP level 7. HP: 60/60 MP: 7/7
  3779 | D:5      | Entered Level 5 of the Dungeon
  3792 | D:5      | Found an ornate altar of the Wu Jian Council.
  4224 | D:5      | Identified the ring of Fallacy {rF+ rN+++ MP-9 Slay+5 SInv}
  4240 | D:5      | Found a staircase to the Ecumenical Temple.
  4583 | D:6      | Reached XP level 8. HP: 66/70 MP: 0/8
  4659 | D:6      | Noticed Maggie
  4863 | D:6      | Reached skill level 7 in Stealth
  5105 | D:6      | Reached ** piety under Dithmenos
  5106 | D:6      | Reached skill level 5 in Fighting
  5106 | D:6      | Reached skill level 5 in Short Blades
  5179 | D:6      | Found a snail-covered altar of Cheibriados.
  5260 | D:6      | Killed Maggie
  5930 | D:7      | Noticed a gargoyle
  5936 | D:7      | Reached XP level 9. HP: 79/79 MP: 0/9
  5942 | D:7      | Killed a gargoyle
  6420 | D:7      | Reached skill level 8 in Stealth
  6626 | D:7      | Found a glowing golden altar of the Shining One.
  6643 | D:8      | Noticed Psyche
  6644 | D:8      | Killed Psyche
  6882 | D:8      | Noticed Amaemon
  6882 | D:8      | Noticed an orange demon
  6895 | D:8      | Found a staircase to the Lair.
  6896 | D:8      | Noticed an elephant
  7041 | D:7      | Killed an elephant
  7042 | D:7      | Reached XP level 10. HP: 70/92 MP: 1/10
  7206 | D:8      | Reached *** piety under Dithmenos
  7263 | D:8      | Killed Amaemon
  7273 | D:8      | HP: 1/138 [orc warrior/+0 flail (8)]
  7273 | D:8      | Mangled by an orange demon

Illustrated notes

Levels and vault maps discovered:
D:1:      saegor_arrival_under_anarchy, layout_loops_corners
D:2:      layout_loops_ring, basic_altar, nrook_uturn, chequers_big_river,
          minmay_misc_feat_roman
D:3:      layout_basic, grunt_dithmenos_smoke_and_mirrors, portal_sewer_entry_e
D:4:      layout_basic, okawaru_altar_gauntlet_db, grunt_temple_overflow_open,
          nicolae_elemental_shop, hangedman_glass_teeth,
          kennysheep_small_spiral, minmay_puff, uniq_duvessa
D:5:      layout_loops_ring, nicolae_wu_jian_wuxing_cycle, temple_doors_e
D:6:      layout_basic, mainiacjoe_overflow_alcove_4, uniq_maggie
D:7:      layout_rooms, general_overflow_altar, skrybe_limestone_x
D:8:      layout_rooms, david_lair_generic, uniq_pikel, uniq_psyche,
          uniq_amaemon

Skill      XL: |  1  2  3  4  5  6  7  8  9 |
---------------+----------------------------+-----
Fighting       | 2 3 4 5 7 |  7.6
Short Blades   | 2 3 4 5 7 |  7.6
Throwing       | 2 3 4 |  4.0
Dodging        | 1 2 3 4 |  4.8
Stealth        | 5 6 7 8 |  8.9

Action                   |  1- 3 |  4- 6 |  7- 9 | 10-12 || total
-------------------------+-------+-------+-------+-------++-------
Melee: Dagger            |   108 |   148 |   208 |    55 ||   519
       Tailslap          |     9 |    25 |    45 |     8 ||    87
       Punch             |     1 |     1 |     2 |     1 ||     5
Throw: Dart              |       |     7 |    13 |       ||    20
Evoke: Wand              |       |     2 |       |       ||     2
  Use: Scroll            |     7 |     3 |     5 |     2 ||    17
       Potion            |       |       |     1 |     5 ||     6
 Stab: Sleeping          |    11 |    10 |    26 |       ||    47
       Confused          |       |       |     1 |     1 ||     2
Armor: Robe              |    59 |    50 |    32 |       ||   141
       Acid dragon scale |       |       |    48 |    17 ||    65
Dodge: Dodged            |    47 |    66 |   110 |    45 ||   268

Table legend: (Time is in decaauts)
 A = Elapsed time spent in this place.
 B = Non-inter-level travel time spent in this place.
 C = Inter-level travel time spent in this place.
 D = Time resting spent in this place.
 E = Time spent auto-exploring this place.
 F = Levels seen in this place.
 G = Mean time per level.
                   A        B        C        D        E       F      G
               +--------+--------+--------+--------+--------+-----+--------+
         Total |   7186 |   6981 |    205 |    642 |   5182 |   8 |  898.2 |
       Dungeon |   7186 |   6981 |    205 |    642 |   5182 |   8 |  898.2 |
               +--------+--------+--------+--------+--------+-----+--------+

Top non-repeatable levels by time:
     D:4: 1247 daAuts
     D:6: 1180 daAuts
     D:3: 972 daAuts
     D:5: 933 daAuts
     D:7: 838 daAuts
     D:1: 784 daAuts
     D:2: 761 daAuts
     D:8: 467 daAuts
